 Dungeon Crawl Stone Soup version 0.18.1-48-g4cf74bf (console) character file.

26112 Kloppie the Fighter (level 13, -1/88 HPs)
             Began as a Gargoyle Berserker on July 3, 2016.
             Was a High Priest of Trog.
             Slain by Sonja
             ... wielding a +0 dagger of distortion
              (15 damage)
             ... on level 5 of the Lair of Beasts.
             The game lasted 00:25:08 (13010 turns).

Kloppie the Fighter (Gargoyle Berserker)           Turns: 13010, Time: 00:25:09

Health: -1/88      AC: 31    Str: 22    XL:     13   Next: 23%
Magic:  13/13      EV: 10    Int:  8    God:    Trog [*****.]
Gold:   793        SH:  5    Dex: 13    Spells: 0 memorised, 12 levels left

rFire  . . .     SeeInvis .     y - +1 morningstar
rCold  + . .     Gourm    .     M - +4 scale mail {rC+}
rNeg   + . .     Faith    .     m - +0 buckler
rPois  ∞         Spirit   .     d - +2 helmet
rElec  +         Dismiss  .     A - +0 cloak
rCorr  .         Reflect  .     (no gloves)
SustAt +         Harm     .     (no boots)
MR     .....                    (no amulet)
Stlth  ..........               q - +3 ring of protection
                                w - ring of sustain attributes

@: studying Stealth, not resistant to hostile enchantments, extremely unstealthy
A: negative energy resistance 1, electricity resistance, unbreathing,
petrification resistance, rot immunity, AC +9
a: Berserk, Trog's Hand, Brothers in Arms, Burn Spellbooks, Renounce Religion


You were on level 5 of the Lair of Beasts.
You worshipped Trog.
Trog was extremely pleased with you.
You were not hungry.

You visited 2 branches of the dungeon, and saw 14 of its levels.
You also visited: Ice Cave.

You collected 793 gold pieces.

Inventory:

Hand Weapons
 a - a +0 flail of draining
 o - a +2 mace of venom
 y - a +1 morningstar (weapon)
Armour
 d - a +2 helmet (worn)
 m - a +0 buckler (worn)
 A - a +0 cloak (worn)
 M - a +4 scale mail of cold resistance (worn)
Jewellery
 f - an uncursed ring of ice
 k - an uncursed ring of stealth
 q - a +3 ring of protection (right hand)
 w - a ring of sustain attributes (left hand)
Wands
 u - a wand of confusion (27/48)
 C - a wand of lightning (6/15)
 D - a wand of slowing (19/48)
 E - a wand of acid (8/15)
 I - a wand of flame (20/48)
 K - a wand of iceblast (5/15)
 L - a wand of disintegration (8/24)
Scrolls
 e - a scroll of enchant weapon
 h - 3 scrolls of enchant armour
 j - 5 scrolls of remove curse
 n - 4 scrolls of teleportation
 p - a scroll of blinking
Potions
 b - a potion of heal wounds
 g - 2 potions of berserk rage
 l - 3 potions of agility {unknown}
 r - 3 potions of haste
 s - 7 potions of curing
 v - 3 potions of cancellation
 x - a potion of invisibility
 z - 2 potions of lignification
 B - 2 potions of might
 G - a potion of beneficial mutation {unknown}
Books
 J - a manual of Stealth
Comestibles
 c - 13 bread rations
 i - 2 fruits
 t - 16 chunks of flesh
 F - a meat ration
 H - 2 slices of pizza


   Skills:
 + Level 13.6 Fighting
 + Level 12.7 Maces & Flails
 + Level 13.4 Armour
 - Level 1.5 Dodging
 - Level 4.3 Shields


You had 12 spell levels left.
You didn't know any spells.

Dungeon Overview and Level Annotations

Branches:
Dungeon (9/15)             Temple (0/1) D:7            Lair (5/8) D:8
  Swamp (0/4) Lair:4
  Snake: Lair:3-6    Spider: Lair:3-6       Orc: D:9-12

Altars:
Fedhas
Kikubaaqudgha
Nemelex Xobeh
Okawaru
The Shining One

Annotations:
Lair:3 exclusion: oklob plant
Lair:5 Sonja


Innate Abilities, Weirdness & Mutations

You are resistant to torment.
Your stone body is resilient (AC +9).
You are immune to poison.
You resist negative energy.
You are resistant to electric shocks.
You can survive without breathing.
You are immune to petrification.
You are immune to rotting.


Message History

You start resting.
You feel less exhausted.
You start resting.
The basilisk hisses angrily.
The basilisk gazes at you.
You easily resist.
There is an open door here.
Sonja shouts!
Sonja closely misses you. Sonja completely misses you.
Sonja hits you but does no damage. Space bends around you.
* * * LOW HITPOINT WARNING * * *
Sonja barely misses you. x2; Sonja hits you but does no damage.
Space bends around you.
* * * LOW HITPOINT WARNING * * *
Sonja hits you but does no damage. Space warps horribly around you!
* * * LOW HITPOINT WARNING * * *
Sonja hits you but does no damage. Space bends around you.
* * * LOW HITPOINT WARNING * * *
Sonja hits you but does no damage. Space warps horribly around you!
You die...

..............#
#............#
#.#........#
#.#........##
##........##.## #
#...........#.#
#.###...<......#
#....(........##
#...#....@.....#
...#.#....K....##
##..........P#
#.>........##
##.........#
##..Pl##### #..
####.# #..# #..#
##..## ##..#


You could see a basilisk and Sonja.

Vanquished Creatures
  A hydra (Lair:3)
  Urug (Lair:3)
  5 black mambas
  3 elephants (Lair:3)
  2 ice statues (IceCv)
  7 spiny frogs
  3 rime drakes
  4 komodo dragons
  The ghost of dricus the Cudgeler, an amateur MiBe of Trog (D:4)
  2 polar bears
  7 blink frogs
  Sigmund (D:2)
  2 wyverns (Lair:5)
  4 basilisks
  24 yaks
  A hungry ghost (D:7)
  4 hippogriffs
  A steam dragon (D:8)
  Edmund (D:6)
  11 porcupines
  8 water moccasins
  A wasp (D:8)
  16 ice beasts
  A black bear (D:6)
  5 orc warriors
  2 phantoms
  3 ogres
  6 wolves (Lair:1)
  4 centaurs
  13 crocodiles
  7 giant frogs
  A gnoll sergeant (D:6)
  4 scorpions
  A howler monkey (D:4)
  An electric eel (Lair:4)
  2 crimson imps
  A quasit (D:8)
  2 jellies
  6 orc priests
  5 hounds
  A gnoll shaman (D:9)
  A giant frog skeleton (D:8)
  8 iguanas
  Terence (D:2)
  7 orc wizards
  8 worker ants
  9 sheep
  A hound zombie (D:9)
  Robin (D:2)
  A howler monkey zombie (D:7)
  13 adders
  12 gnolls
  50 river rats
  A shadow imp (D:6)
  3 dart slugs
  5 giant geckos
  29 orcs
  3 giant cockroaches
  12 goblins
  7 hobgoblins
  7 jackals
  3 quokkas
  A ball python (D:2)
  7 bats
  2 giant newts
  8 kobolds
  9 rats
384 creatures vanquished.

Vanquished Creatures (collateral kills)
  A hydra (Lair:5)
  A rime drake (Lair:5)
  4 wyverns (Lair:5)
  A basilisk (Lair:5)
  2 hippogriffs (Lair:5)
  2 river rats (Lair:5)
11 creatures vanquished.

Vanquished Creatures (others)
  8 fungi
  7 plants
15 creatures vanquished.

Grand Total: 410 creatures vanquished

Notes
Turn   | Place    | Note
--------------------------------------------------------------
     0 | D:1      | Kloppie the Gargoyle Berserker began the quest for the Orb.
     0 | D:1      | Reached XP level 1. HP: 14/14 MP: 1/1
   393 | D:1      | Reached XP level 2. HP: 19/19 MP: 2/2
   801 | D:2      | Noticed Terence
   815 | D:2      | Killed Terence
   815 | D:2      | Reached XP level 3. HP: 21/24 MP: 3/3
   858 | D:2      | Reached ** piety under Trog
   990 | D:2      | Found a glowing golden altar of the Shining One.
  1094 | D:2      | Noticed Sigmund
  1112 | D:2      | Killed Sigmund
  1112 | D:2      | Reached XP level 4. HP: 30/30 MP: 4/4
  1112 | D:2      | Reached XP level 5. HP: 34/34 MP: 5/5
  1320 | D:2      | Noticed Robin
  1341 | D:2      | Reached XP level 6. HP: 40/40 MP: 6/6
  1346 | D:2      | Killed Robin
  1747 | D:3      | Found an ancient bone altar of Kikubaaqudgha.
  1802 | D:3      | Found a blossoming altar of Fedhas.
  1815 | D:3      | Reached skill level 5 in Fighting
  2082 | D:4      | Reached *** piety under Trog
  2124 | D:4      | Reached skill level 5 in Maces & Flails
  2124 | D:4      | Reached skill level 5 in Armour
  2130 | D:4      | Reached XP level 7. HP: 33/44 MP: 7/7
  2529 | D:4      | Noticed dricus's ghost (amateur MiBe)
  2541 | D:4      | Killed dricus's ghost
  2541 | D:4      | Reached XP level 8. HP: 52/52 MP: 8/8
  3113 | D:5      | Entered Level 5 of the Dungeon
  3478 | D:5      | Found an ancient bone altar of Kikubaaqudgha.
  4408 | D:6      | Reached skill level 1 in Shields
  4682 | D:6      | Noticed Edmund
  4696 | D:6      | Killed Edmund
  4696 | D:6      | Reached XP level 9. HP: 56/57 MP: 9/9
  4933 | D:6      | Reached **** piety under Trog
  5878 | D:7      | Received a gift from Trog
  5985 | D:7      | Found an iron altar of Okawaru.
  6036 | D:7      | Reached XP level 10. HP: 57/65 MP: 10/10
  6048 | D:7      | Found a staircase to the Ecumenical Temple.
  6065 | D:7      | Found a sparkling altar of Nemelex Xobeh.
  6150 | D:8      | Reached ***** piety under Trog
  6253 | D:8      | You fall through a shaft!
  6963 | D:8      | Received a gift from Trog
  6998 | D:8      | Found a staircase to the Lair.
  7257 | Lair:1   | Entered Level 1 of the Lair of Beasts
  7352 | Lair:1   | Noticed a spiny frog
  7375 | Lair:1   | Reached skill level 10 in Fighting
  7414 | Lair:1   | Killed a spiny frog
  7414 | Lair:1   | Reached skill level 10 in Armour
  7594 | Lair:1   | Reached XP level 11. HP: 65/73 MP: 11/11
  7746 | Lair:1   | Got a polished ring mail
  7760 | Lair:1   | Identified the +5 ring mail "Downe" {+Fly rN++ Str-4} (You found it on level 1 of the Lair of Beasts)
  8151 | Lair:1   | Reached skill level 10 in Maces & Flails
  9446 | Lair:2   | Reached XP level 12. HP: 63/81 MP: 12/12
  9715 | Lair:3   | Found a frozen archway.
  9791 | IceCv    | Entered an ice cave
 10031 | Lair:3   | Noticed a seven-headed hydra
 10044 | Lair:3   | Killed a seven-headed hydra
 10339 | Lair:3   | Got a scorched ring mail
 10350 | Lair:3   | Identified the +0 ring mail "Wuris" {Int+4} (You found it on level 3 of the Lair of Beasts)
 11402 | Lair:4   | Received a gift from Trog
 11487 | Lair:4   | Noticed Urug
 11487 | Lair:4   | Noticed Sonja
 11525 | Lair:3   | Killed Urug
 11553 | Lair:4   | Found a staircase to the Swamp.
 12137 | Lair:4   | Reached XP level 13. HP: 73/88 MP: 13/13
 13010 | Lair:5   | Slain by Sonja

Skill      XL: |  1  2  3  4  5  6  7  8  9 10 11 12 |
---------------+-------------------------------------+-----
Fighting       | 4 5 6 7 8 10 11 13 | 13.6
Maces & Flails | 4 5 7 8 9 11 12 | 12.7
Armour         | 4 5 6 7 8 10 11 13 | 13.4
Shields        | 2 4 |  4.3
Dodging        | |  1.5

Action                   |  1- 3 |  4- 6 |  7- 9 | 10-12 | 13-15 || total
-------------------------+-------+-------+-------+-------+-------++-------
Melee: Mace              |   103 |   130 |   236 |       |       ||   469
       Flail             |       |       |   183 |   677 |       ||   860
       Morningstar       |       |       |       |   459 |   132 ||   591
Invok: Berserk           |     1 |       |     3 |     3 |     2 ||     9
       Trog's Hand       |       |       |       |     8 |     1 ||     9
       Brothers in Arms  |       |       |       |     1 |     1 ||     2
  Use: Scroll            |     2 |       |    15 |     7 |       ||    24
       Potion            |       |       |       |     2 |     2 ||     4
  Eat: Chunk             |     1 |     4 |    13 |    16 |     4 ||    38
       Meat ration       |       |       |     3 |     2 |       ||     5
       Beef jerky        |       |       |     1 |     1 |       ||     2
       Bread ration      |       |       |     1 |       |       ||     1
       Pizza             |       |       |     1 |       |       ||     1
Armor: Scale mail        |    50 |       |       |    66 |    99 ||   215
       Animal skin       |    10 |       |       |       |       ||    10
       Plate armour      |     9 |   121 |   324 |   231 |       ||   685
       Ring mail         |       |       |    80 |   527 |       ||   607
Dodge: Dodged            |    74 |    52 |   219 |   585 |    68 ||   998
Block: Buckler           |       |       |    13 |   297 |    43 ||   353
